 Dungeon Crawl Stone Soup version 0.27-a0-1532-gca18f49f40 (webtiles) character file.

Game seed: 16977197301348904412

175 Spaninq the Chopper (level 5, -1/42 HPs)
             Began as a Hill Orc Delver on July 12, 2021.
             Succumbed to a water moccasin's poison
             ... on level 4 of the Dungeon.
             The game lasted 00:09:06 (4271 turns).

Spaninq the Chopper (Hill Orc Delver)               Turns: 4271, Time: 00:09:06

Health: -1/42      AC: 13    Str: 16    XL:     5   Next: 55%
Magic:  5/5        EV:  7    Int: 10    God:
Gold:   142        SH:  0    Dex: 12    Spells: 4/4 levels left

rFire    + . .     SeeInvis .   a - +0 hand axe
rCold    + . .     Faith    .   (no shield)
rNeg     . . .     Spirit   .   t - +0 chain mail
rPois    .         Reflect  .   (no helmet)
rElec    .         Harm     .   n - scarf {rC+ rF+}
rCorr    .         Rampage  .   b - +0 pair of gloves
Will     .....                  s - +2 pair of boots
Stlth    ..........             (no amulet)
HPRegen  0.14/turn              (no ring)
MPRegen  0.09/turn              (no ring)

@: lethally poisoned (-1 -> -15), very slightly contaminated, invisible
A: frail 1, high mp 1, inability to read while threatened
a: no special abilities


You were on level 4 of the Dungeon.
You visited 1 branch of the dungeon, and saw 5 of its levels.

You collected 142 gold pieces.

Inventory:

Hand Weapons
 a - a +0 hand axe (weapon)
Armour
 b - a +0 pair of gloves (worn)
 n - a scarf of resistance (worn)
 s - a +2 pair of boots (worn)
 t - a +0 chain mail (worn)
Wands
 g - a wand of digging (3)
 j - a wand of iceblast (6)
Scrolls
 c - a scroll of fog
 d - a scroll of magic mapping
 e - a scroll of fear
 h - a scroll of brand weapon {unknown}
 k - 2 scrolls of identify {unknown}
 l - a scroll of enchant weapon {unknown}
 o - a scroll of amnesia {unknown}
 q - a scroll of teleportation {unknown}
Potions
 f - a potion of haste
 i - a potion of cancellation {unknown}
 m - a potion of mutation
 p - a potion of invisibility
 r - a potion of degeneration {unknown}
 u - a potion of flight {unknown}


   Skills:
 + Level 4.8 Fighting
 * Level 5.5 Axes
 + Level 2.5 Armour
 - Level 1.5 Dodging
 - Level 4.1 Stealth


You had 4 spell levels left.
You didn't know any spells.
Your spell library contained the following spells:

 Spells                   Type           Power      Damage    Failure   Level
 Sting                    Tmut/Pois      0%         1d3       100%        1
 Poisonous Vapours        Pois/Air       0%         N/A       100%        2
 Stone Arrow              Conj/Erth      0%         3d7       100%        3
 Animate Armour           Summ/Erth      0%         N/A       100%        4
 Olgreb's Toxic Radiance  Pois           0%         N/A       100%        4
 Lehudib's Crystal Spear  Conj/Erth      0%         10d2      100%        8


Dungeon Overview and Level Annotations

Branches:
Dungeon (5/15)
 Temple: D:4-7

Altars:

Shops:
D:1 (   D:3 =

Annotations:
D:3 3 runed translucent doors, flotson's ghost, weakling GrDe


Innate Abilities, Weirdness & Mutations

You are frail. (-10% HP)
You have an increased reservoir of magic. (+10% MP)
You sometimes lose the ability to read scrolls when taking damage.


Message History

You feel sick. The water moccasin bites you.
You are more poisoned.
The water moccasin poisons you!
The water moccasin bites you but does no damage.
You hit the water moccasin.
The water moccasin is severely wounded.
You feel very sick.
The water moccasin completely misses you.
You closely miss the water moccasin.
The water moccasin is severely wounded.
You feel very sick.
The water moccasin bites you but does no damage. x2
You hit the water moccasin but do no damage.
The water moccasin is severely wounded.
You feel very sick. The water moccasin bites you.
You closely miss the water moccasin.
The water moccasin is severely wounded.
You feel sick. The water moccasin closely misses you.
The water moccasin bites you.
* * * LOW HITPOINT WARNING * * *
It was a potion of invisibility.
You fade into invisibility!
You feel sick. The water moccasin barely misses you.
You are very lightly contaminated with residual magic.
You hit the water moccasin but do no damage.
The water moccasin is severely wounded.
You feel sick.
The water moccasin bites you but does no damage.
You hit the water moccasin.
The water moccasin is severely wounded.
You feel sick. The water moccasin bites you.
* * * LOW HITPOINT WARNING * * *
You are lethally poisoned!
The water moccasin poisons you! The water moccasin bites you.
* * * LOW HITPOINT WARNING * * *
It was a potion of mutation.
You feel extremely strange.
You lose the ability to read scrolls when threatened.
You feel more energetic.
You feel frail.
You die...

.... #... ....
#..##.. ... #.....#
#.. #.....###
#..###...#....## .#
##.##..###.....###..#
##.....# #..##.....#
.......###.####..###
#.........## #.@.#
##..###....###..S#
##..####....##....#
##...<# #..##....$...
...##.# #..#
##...#..# ..##
#.#..## #..###...
..####....# #.## ..##
........##. .# $#
.#####..# #


You could see a water moccasin.

Vanquished Creatures
  A centaur zombie (D:3)
  Ijyb (D:3)
  Terence (D:3)
  3 adders
  2 worms (D:2)
  2 dart slugs
  2 orcs
  3 bats
  6 endoplasms
  2 giant cockroaches
  A hobgoblin (D:3)
  6 jackals (D:2)
  2 kobolds
  3 quokkas
  6 ball pythons
  11 frilled lizards
  3 goblins
  A rat (D:2)
56 creatures vanquished.

Vanquished Creatures (others)
  3 fungi (D:3)
  30 plants
33 creatures vanquished.

Grand Total: 89 creatures vanquished

Notes
Turn   | Place    | Note
-------+----------+-------------------------------------------
     0 | D:5      | Spaninq the Hill Orc Delver began the quest for the Orb.
     0 | D:5      | Reached XP level 1. HP: 19/19 MP: 1/1
    14 | D:5      | Noticed a hound
    31 | D:4      | Noticed an ogre
   124 | D:2      | Reached skill level 3 in Axes
   314 | D:2      | Reached XP level 2. HP: 8/27 MP: 2/2
   735 | D:1      | Reached skill level 1 in Armour
   958 | D:1      | Found Biezelej's Weapon Boutique.
   990 | D:1      | Reached XP level 3. HP: 28/33 MP: 3/3
  1458 | D:1      | Reached skill level 4 in Axes
  2174 | D:2      | Reached XP level 4. HP: 37/40 MP: 4/4
  2521 | D:3      | Noticed Ijyb
  2576 | D:3      | Killed Ijyb
  2745 | D:3      | Found a faded altar of an unknown god.
  2759 | D:3      | Noticed Terence
  2782 | D:3      | Found Azang's Jewellery Shoppe.
  2839 | D:3      | Found a runed translucent gate.
  3031 | D:3      | Killed Terence
  3032 | D:3      | Reached skill level 5 in Axes
  3032 | D:3      | Reached XP level 5. HP: 28/47 MP: 5/5
  3654 | D:3      | Found a runed translucent gate.
  3654 | D:3      | Found a runed translucent gate.
  3654 | D:3      | Noticed flotson's ghost (weakling GrDe)
  3656 | D:3      | Noticed a kobold brigand
  4258 | D:4      | Noticed a water moccasin
  4270 | D:4      | HP: 1/47 [water moccasin (3)]
  4271 | D:4      | Gained mutation: You sometimes lose the ability to read
                  | scrolls when taking damage. [potion of mutation]
  4271 | D:4      | Gained mutation: You have an increased reservoir of magic.
                  | (+10% MP) [potion of mutation]
  4271 | D:4      | Gained mutation: You are frail. (-10% HP) [potion of
                  | mutation]
  4271 | D:4      | Succumbed to a water moccasin's poison

Illustrated notes

Levels and vault maps discovered:
D:1:      roderic_octagonal_star, layout_basic, serial_shops, shop_statue,
          minmay_lizard_pond
D:2:      layout_basic, serial_bayou_lagoon_a
D:3:      layout_basic, gammafunk_ghost_nasty_kobolds, serial_shops, shop,
          basic_ecumenical_altar, serial_bayou_crossing, uniq_terence, uniq_ijyb
D:4:      layout_layer_cave
D:5:      layout_loops_cross, nicolae_overflow_crystal_walls,
          nicolae_ru_path_of_blood, grunt_ministairs_15, grunt_decor_clamped,
          uniq_pikel

Skill      XL: |  1  2  3  4 |
---------------+-------------+-----
Axes           | 3 4 5 |  5.5
Armour         | 1 2 |  2.5
Fighting       | 4 |  4.8
Dodging        | |  1.5
Stealth        | |  4.1

Action                   |  1- 3 |  4- 6 || total
-------------------------+-------+-------++-------
Melee: Hand axe          |   155 |   132 ||   287
  Use: Potion            |       |     3 ||     3
 Stab: Sleeping          |     2 |     1 ||     3
Armor: Leather armour    |    48 |     4 ||    52
       Ring mail         |       |    29 ||    29
       Chain mail        |       |    32 ||    32
Dodge: Dodged            |   103 |    59 ||   162

Table legend: (Time is in decaauts)
 A = Elapsed time spent in this place.
 B = Non-inter-level travel time spent in this place.
 C = Inter-level travel time spent in this place.
 D = Time resting spent in this place.
 E = Time spent auto-exploring this place.
 F = Levels seen in this place.
 G = Mean time per level.
                   A        B        C        D        E       F      G
               +--------+--------+--------+--------+--------+-----+--------+
         Total |   4315 |   4212 |    103 |    408 |   2801 |   5 |  863.0 |
       Dungeon |   4315 |   4212 |    103 |    408 |   2801 |   5 |  863.0 |
               +--------+--------+--------+--------+--------+-----+--------+

Top non-repeatable levels by time:
     D:2: 1616 daAuts
     D:3: 1494 daAuts
     D:1: 975 daAuts
     D:4: 197 daAuts
     D:5: 31 daAuts
